Map: Dreamcatcher LE

Players

SKillous (Elroye) - Winner!

  • Race: Zerg Zerg
  • Spawn Location: 5:00

Crow

  • Race: Zerg Zerg
  • Spawn Location: 11:00

Event: WCS Valencia 2018

VOD

Have the link to the VOD?

Description

Time

  • Played on: July 12, 2018, 8:25 a.m.
  • Length: 8:26

All games in this series

Show
View Real Time Build Order
Export as new Build Order

SKillous Zerg - Winner!

Build Orders: Hatch First, Zergling Baneling 

Get SALT Encoding   

  12  0:00  Drone  
  13  0:12  Overlord  
  13  0:17  Drone  
  14  0:30  Drone x2  
  14  0:34  Drone  
  17  0:51  Hatchery  
  17  0:54  Drone  
  17  0:57  Drone  
  18  1:08  Extractor  
  17  1:13  Spawning Pool  
  17  1:15  Drone  
  17  1:18  Drone  
  18  1:28  Drone  
  19  1:39  Overlord  
  19  1:50  Drone  
  20  2:01  Queen, Drone  
  20  2:03  Queen  
  20  2:04  Drone  
  26  2:08  Metabolic Boost  
  26  2:11  Drone  
  26  2:14  Drone  
  28  2:23  Drone  
  28  2:25  Drone  
  30  2:34  Drone  
  31  2:37  Hatchery  
  31  2:44  Zergling x2  
  31  2:45  Zergling x2  
  31  2:49  Baneling Nest  
  31  2:51  Overlord  
  31  3:00  Drone  
  32  3:09  Zergling x6  
  35  3:18  Zergling x2  
  35  3:19  Zergling x10  
  41  3:25  Queen  
  43  3:27  Overlord  
  43  3:40  Baneling  
  43  3:41  Baneling x3  
  43  3:42  Drone  
  44  3:52  Drone x2  
  44  3:53  Drone x3  
  49  3:57  Overlord  
  49  3:58  Zergling x2  
  49  3:59  Drone x2  
  43  4:18  Zergling x4  
  43  4:19  Zergling x6  
  43  4:20  Zergling x2, Drone  
  43  4:24  Queen, Baneling x2  
  49  4:30  Zergling x4  
  49  4:31  Zergling x4, Roach Warren  
  54  4:33  Zergling x2  
  54  4:38  Baneling x4  
  49  4:58  Drone x3  
  49  4:59  Drone x3  
  55  5:00  Extractor  
  55  5:01  Extractor, Lair  
  55  5:03  Drone x2  
  55  5:04  Evolution Chamber  
  54  5:07  Zergling x2  
  55  5:20  Zergling x10  
  58  5:23  Drone x4  
  60  5:38  Zergling x6  
  60  5:39  Zergling x6  
  63  5:44  Zerg Missile Weapons Level 1  
  63  5:49  Baneling x2  
  62  5:52  Zergling x8  
  62  5:53  Overlord x2  
  65  6:12  Drone x4  
  63  6:45  Glial Reconstitution, Roach x10  
  81  6:50  Overlord  
  80  6:55  Zergling x4  
  80  6:57  Overlord x3  
  80  6:58  Overlord  
  82  7:08  Extractor  
  81  7:11  Baneling x5  
  81  7:13  Hatchery  
  81  7:15  Roach x3  
  85  7:16  Roach x2  
  85  7:17  Overseer  
  85  7:18  Roach x3  
  85  7:22  Drone x3  
  98  7:23  Roach x2  
  98  7:24  Roach  
  98  7:27  Roach  
  110  7:30  Roach x3  
  112  7:44  Roach x4  
  118  7:46  Overlord  
  120  7:56  Overlord  
  120  7:57  Roach  
  120  7:58  Roach  
  122  7:59  Overlord  
Show
View Real Time Build Order
Export as new Build Order

Crow Zerg 

Build Orders: Hatch First 

Get SALT Encoding   

  12  0:10  Overlord  
  12  0:12  Drone  
  13  0:18  Drone  
  14  0:29  Drone  
  14  0:32  Drone  
  16  0:50  Hatchery  
  16  0:53  Drone  
  16  0:56  Drone  
  17  1:04  Drone  
  17  1:10  Extractor  
  17  1:18  Spawning Pool, Drone  
  17  1:26  Drone  
  18  1:36  Drone  
  19  1:47  Drone  
  20  2:00  Overlord  
  20  2:04  Queen x2  
  20  2:05  Zergling x2  
  25  2:11  Zergling x2  
  25  2:12  Metabolic Boost  
  25  2:14  Drone  
  27  2:21  Drone  
  28  2:24  Drone  
  29  2:33  Drone  
  30  2:40  Hatchery  
  29  2:46  Drone  
  29  2:48  Baneling Nest  
  29  2:51  Overlord  
  29  2:54  Drone  
  31  2:58  Drone  
  31  3:00  Drone  
  31  3:03  Drone  
  33  3:10  Drone  
  35  3:12  Zergling x2  
  35  3:13  Zergling x4  
  35  3:16  Drone x2  
  35  3:19  Zergling x2  
  40  3:24  Overlord  
  40  3:31  Baneling  
  40  3:33  Baneling  
  39  3:35  Drone x3  
  39  3:40  Zergling x2  
  43  3:42  Baneling x2  
  43  3:44  Zergling x6  
  43  3:47  Zergling x2  
  43  3:48  Zergling x4  
  49  3:51  Overlord  
  49  3:53  Baneling  
  49  3:54  Baneling  
  49  3:58  Zergling x4  
  51  4:09  Zergling x8  
  52  4:14  Drone  
  46  4:18  Drone x3  
  46  4:19  Drone x2  
  50  4:25  Queen  
  50  4:29  Drone  
  50  4:30  Drone  
  54  4:34  Evolution Chamber  
  54  4:35  Drone  
  54  4:37  Drone  
  55  4:38  Drone  
  50  4:51  Drone x5  
  53  4:53  Overlord  
  53  4:55  Extractor  
  53  4:57  Extractor  
  53  4:59  Zerg Missile Weapons Level 1  
  51  5:01  Lair  
  51  5:02  Drone  
  51  5:05  Overlord  
  51  5:06  Drone  
  52  5:15  Zergling x10  
  52  5:19  Zergling x6  
  59  5:24  Overlord  
  59  5:25  Zergling x2  
  59  5:26  Zergling x2  
  57  5:34  Drone x3  
  56  5:41  Baneling  
  56  5:42  Drone x2  
  57  5:49  Drone, Roach Warren  
  57  5:52  Drone  
  57  5:53  Drone  
  59  5:57  Queen  
  59  6:04  Drone x4  
  63  6:09  Drone x3  
  68  6:15  Zergling x8  
  68  6:18  Baneling x2  
  71  6:22  Zergling x4  
  71  6:29  Zergling x10  
  69  6:34  Roach x2  
  70  6:46  Roach x2  
  67  6:58  Drone x6  
  67  7:00  Glial Reconstitution  
  73  7:05  Drone  
  73  7:06  Drone x2  
  75  7:15  Overlord  
  75  7:19  Roach  
  75  7:20  Roach x2  
  81  7:25  Overlord x2  
  81  7:38  Roach  
  81  7:39  Roach x3  
  81  7:40  Overlord x2  
  88  7:46  Roach  
  88  7:47  Roach x2  
  88  7:51  Roach x2  
  98  7:56  Overlord x2  
  98  8:03  Roach x4  
Tags
 
Add a new tag
Caveats
  • Supply blocks, unpowered buildings, or Contaminate may cause inaccurate times.
  • Supply counts are checked every 10 seconds.